 Dungeon Crawl Stone Soup version 0.27.1-3-gb3d3a73c9e (webtiles) character file.

Game seed: 15317525844138392052

37 H0rd4k the Charlatan (level 3, -1/26 HPs)
             Began as a Human Artificer on Oct 11, 2021.
             Killed from afar by a dart slug (4 damage)
             ... with a slug dart
             ... on level 2 of the Dungeon.
             The game lasted 00:02:00 (1561 turns).

H0rd4k the Charlatan (Human Artificer)              Turns: 1561, Time: 00:02:01

Health: -1/26      AC:  3    Str: 13    XL:     3   Next: 60%
Magic:  3/3        EV: 11    Int: 11    God:
Gold:   134        SH:  0    Dex: 13    Spells: 2/2 levels left

rFire    . . .     SeeInvis .   j - +0 short sword
rCold    . . .     Faith    .   (no shield)
rNeg     . . .     Spirit   .   b - +0 leather armour
rPois    .         Reflect  .   (no helmet)
rElec    .         Harm     .   (no cloak)
rCorr    .         Rampage  .   (no gloves)
Will     .....                  (no boots)
Stlth    +.........             (no amulet)
HPRegen  0.08/turn              (no ring)
MPRegen  0.08/turn              (no ring)

@: no status effects
A: no striking features
a: no special abilities


You were on level 2 of the Dungeon.
You visited 1 branch of the dungeon, and saw 4 of its levels.

You collected 134 gold pieces.

Inventory:

Hand Weapons
 j - a +0 short sword (weapon)
Missiles
 n - 14 poisoned darts (quivered)
Armour
 b - a +0 leather armour (worn)
Wands
 c - a wand of flame (12)
 d - a wand of charming (13)
Scrolls
 a - a scroll of fog {unknown}
 f - a scroll of summoning {unknown}
 h - a scroll of identify {unknown}
 m - a scroll of enchant weapon {unknown}
 p - a scroll of holy word {unknown}
Potions
 g - 2 potions of curing {unknown}
 i - a potion of heal wounds {unknown}
 k - a potion of berserk rage {unknown}
 l - a potion of haste {unknown}
 o - a potion of lignification {unknown}
Miscellaneous
 e - a piece from Xom's chessboard (15/15)


   Skills:
 + Level 1.5 Fighting
 + Level 0.1 Short Blades
 + Level 2.2 Armour
 + Level 1.1 Dodging
 + Level 1.0 Stealth
 + Level 3.9 Evocations


You had 2 spell levels left.
You didn't know any spells.
Your spell library contained the following spells:

 Spells                   Type           Power      Damage    Failure   Level
 Magic Dart               Conj           0%         1d3       41%         1
 Searing Ray              Conj           0%         3d3       56%         2
 Dazzling Flash           Conj/Hex       0%         N/A       80%         3
 Fulminant Prism          Conj/Hex       0%         3d6       99%         4
 Iskenderun's Mystic Bla  Conj/Tloc      0%         2d3       99%         4
 Starburst                Conj/Fire      0%         6d3       100%        6


Dungeon Overview and Level Annotations

Branches:
Dungeon (4/15)
 Temple: D:4-7

Altars:

Shops:
D:1 *


Message History

The jackal bites you.
The jackal bites you but does no damage.
You hit the jackal.
You kill the jackal!
The quokka bites you.
* * * LOW HITPOINT WARNING * * *
You hit the quokka but do no damage. The quokka bites you.
* * * LOW HITPOINT WARNING * * *
You hit the quokka.
The quokka is heavily wounded.
The quokka twitches its whiskers.
The quokka barely misses you. The quokka closely misses you.
Aiming: Charm
Press: ? - help, Shift-Dir - straight line, f - quokka
Aim: a quokka (moderately wounded, chance to affect: 73%)
The quokka is charmed.
The dart slug misses your quokka. x2
What are your orders? t - Shout!
Orders for allies: a - Attack new target. p - Attack previous target. r - Retreat! s - Stop attacking. g - Guard the area. f - Follow me.
Anything else - Cancel.
Guard this area!
Your quokka bites the dart slug but does no damage.
The dart slug closely misses your quokka.
The dart slug bites your quokka.
Your quokka bites the dart slug.
The dart slug closely misses your quokka.
Your quokka bites the dart slug.
The dart slug bites your quokka but does no damage.
Your quokka bites the dart slug.
The dart slug launches a dart at you. The slug dart hits your quokka.
Your quokka dies!
The dart slug launches a dart at you. The slug dart hits you.
* * * LOW HITPOINT WARNING * * *
The dart slug launches a dart at you. The slug dart hits you.
You die...

#.......# #### #.......# #.# #...
.#.......# #.# ### #..#
#........# #.# #######.## #...
.........###.## #........# #.≈≈
.........##...## .#####.####.≈#
..r......#.....# #........##≈≈
..#.#.##.##...#####<#.###.##...≈≈
#...ww......@...#.# #.##.#.≈≈
####.###.########.# #.##.##≈≈ #>#
#.# #.# #..#.##≈≈ #.###'## #.#
##.#.##≈# ..##...## #.# #.#.##≈≈
###.....## #.####.#.###.
##.......## #........# #.
#.........####...##.######
+.........'..............(


You could see a dart slug.

Vanquished Creatures
  2 adders (D:2)
  2 endoplasms (D:1)
  A goblin (D:2)
  A hobgoblin (D:2)
  4 jackals (D:2)
  A quokka (D:2)
  A ball python (D:1)
  3 bats
  A frilled lizard (D:1)
  A kobold (D:2)
  2 rats (D:1)
19 creatures vanquished.

Vanquished Creatures (others)
  A quokka (D:2)
1 creature vanquished.

Grand Total: 20 creatures vanquished

Notes
Turn   | Place    | Note
-------+----------+-------------------------------------------
     0 | D:1      | H0rd4k the Human Artificer began the quest for the Orb.
     0 | D:1      | Reached XP level 1. HP: 15/15 MP: 1/1
     2 | D:1      | Noticed a ghoul
     2 | D:1      | Noticed a barachi
     4 | D:1      | Noticed a draconian
     4 | D:1      | Noticed a formicid
     6 | D:1      | Noticed a vampire
     6 | D:1      | Noticed a spriggan
     8 | D:1      | Noticed a naga
     8 | D:1      | Noticed an elf
    10 | D:1      | Noticed a dwarf
    12 | D:1      | Noticed a palentonga
    12 | D:1      | Noticed an octopode
    14 | D:1      | Noticed a demonspawn
    14 | D:1      | Noticed a merfolk
    16 | D:1      | Noticed a human
    16 | D:1      | Noticed a tengu
    18 | D:1      | Noticed a minotaur
    20 | D:1      | Noticed a gargoyle
    20 | D:1      | Noticed a troll
    22 | D:1      | Noticed a vine stalker
    24 | D:1      | Noticed a felid
    24 | D:1      | Noticed a demigod
    26 | D:1      | Noticed a djinni
    26 | D:1      | Noticed an ogre
   561 | D:1      | Found Giha's General Store.
   600 | D:1      | Reached XP level 2. HP: 18/21 MP: 2/2
  1243 | D:2      | Reached XP level 3. HP: 20/26 MP: 3/3
  1333 | D:2      | You fall into a shaft and drop 2 floors!
  1561 | D:2      | Killed from afar by a dart slug

Illustrated notes

Levels and vault maps discovered:
D:1:      kb_arrival_jail, layout_basic, serial_shops, shop
D:2:      layout_loops_corners, minmay_crystal_water, kennysheep_nub
D:3:      layout_loops_cross
D:4:      kennysheep_kobold_camp, layout_basic

Action                   || total
-------------------------++-------
Melee: Club              ||    25
       Short sword       ||    77
Throw: Dart              ||     2
Evoke: Wand              ||     5
Armor: Leather armour    ||    37
Dodge: Dodged            ||    84
